 Dungeon Crawl Stone Soup version 0.27-a0-1196-g3e9cee4cb2 (webtiles) character file.

Game seed: 11698110519200819121

714 flotson the Covert (level 7, -4/60 HPs)
             Began as a Gnoll Delver on May 27, 2021.
             Was a Priest of Fedhas.
             Slain by a yak (9 damage)
             ... on level 5 of the Dungeon.
             The game lasted 00:10:59 (5740 turns).

flotson the Covert (Gnoll Delver)                   Turns: 5740, Time: 00:11:01

Health: -4/60      AC:  6    Str: 13    XL:     7   Next: 69%
Magic:  10/10      EV: 12    Int:  9    God:    Fedhas [***...]
Gold:   211        SH: 12    Dex: 14    Spells: 11/11 levels left

rFire    . . .     SeeInvis .   a - +0 whip (elec)
rCold    . . .     Faith    .   n - +0 tower shield
rNeg     . . .     Spirit   .   h - +0 ring mail
rPois    +         Reflect  .   v - +0 helmet
rElec    .         Harm     .   (no cloak)
rCorr    .         Rampage  .   (no gloves)
Will     .....                  (no boots)
Stlth    ++++......             x - amulet of regeneration
HPRegen  1.20/turn              f - +4 ring of evasion
MPRegen  0.12/turn              s - ring of poison resistance

@: no status effects
A: fangs 1, strong nose, distributed training
a: Renounce Religion, Wall of Briars, Grow Ballistomycete


You were on level 5 of the Dungeon.
You worshipped Fedhas.
Fedhas was most pleased with you.
You visited 2 branches of the dungeon, and saw 6 of its levels.

You collected 211 gold pieces.

Inventory:

Hand Weapons
 a - a +0 whip of electrocution (weapon)
 b - a +0 hunting sling
 C - a +0 trident
Missiles
 j - 43 sling bullets
 u - 36 poisoned darts
 A - a throwing net
 B - 7 atropa-tipped darts (quivered)
Armour
 h - a +0 ring mail (worn)
 n - a +0 tower shield (worn)
 v - a +0 helmet (worn)
Jewellery
 f - a +4 ring of evasion (left hand)
 s - a ring of poison resistance (right hand)
 x - an amulet of regeneration (around neck)
Wands
 g - a wand of digging (6)
Scrolls
 c - a scroll of fog
 e - 4 scrolls of fear
 m - 2 scrolls of identify {unknown}
 o - a scroll of enchant weapon {unknown}
 p - 2 scrolls of noise {unknown}
 q - 2 scrolls of vulnerability {unknown}
 t - a scroll of torment {unknown}
 w - a scroll of summoning {unknown}
 y - a scroll of teleportation {unknown}
Potions
 d - a potion of mutation {unknown}
 i - a potion of brilliance {unknown}
 k - 2 potions of attraction {unknown}
 l - a potion of degeneration {unknown}
 r - a potion of cancellation {unknown}
 z - a potion of invisibility {unknown}


   Skills:
 + Level 7.1 Fighting
 + Level 2.6 Short Blades
 + Level 2.6 Long Blades
 + Level 2.6 Axes
 + Level 2.6 Maces & Flails
 + Level 5.3 Polearms
 + Level 2.6 Staves
 + Level 2.6 Slings
 + Level 2.6 Bows
 + Level 2.6 Crossbows
 + Level 2.6 Throwing
 + Level 2.6 Armour
 + Level 5.3 Dodging
 + Level 9.9 Stealth
 + Level 2.6 Shields
 + Level 2.6 Unarmed Combat
 + Level 2.6 Spellcasting
 + Level 2.1 Conjurations
 + Level 2.1 Hexes
 + Level 2.1 Summonings
 + Level 2.1 Necromancy
 + Level 2.1 Translocations
 + Level 2.1 Transmutations
 + Level 2.1 Fire Magic
 + Level 2.1 Ice Magic
 + Level 2.1 Air Magic
 + Level 2.1 Earth Magic
 + Level 2.1 Poison Magic
 + Level 2.9 Invocations
 + Level 2.6 Evocations


You had 11 spell levels left.
You didn't know any spells.
Your spell library contained the following spells:

 Spells                   Type           Power      Damage    Failure   Level
 Animate Skeleton         Necr           10%        N/A       99%         1
 Apportation              Tloc           10%        N/A       99%         1
 Corona                   Hex            5%         N/A       99%         1
 Summon Small Mammal      Summ           20%        N/A       99%         1


Dungeon Overview and Level Annotations

Branches:
Dungeon (5/15)             Temple (1/1) D:5

Altars:
Ashenzari
Cheibriados
Elyvilon
Fedhas
Gozag
Hepliaklqana
Kikubaaqudgha
Makhleb
Nemelex Xobeh
Okawaru
Qazlal
Ru
Sif Muna
Uskayaw
Vehumet
Wu Jian
Xom
Yredelemnul
Zin
The Shining One


Innate Abilities, Weirdness & Mutations

You have very sharp teeth.
Your uncanny sense of smell can sniff out nearby items.
Your experience applies equally to all skills.


Message History

The yak is lightly wounded.
You hit the yak but do no damage. Lightning courses through the yak!
The yak is moderately wounded.
The yak gores you.
You closely miss the yak.
The yak is moderately wounded.
The yak barely misses you. The yak gores you.
You hit the yak. Lightning courses through the yak!
The yak is severely wounded.
The yak gores you!
The yak gores you but does no damage. x2
You hit the yak. Your bite misses the yak.
The yak is almost dead.
The yak gores you but does no damage. x2; You block the yak's attack.
You closely miss the yak.
The yak is almost dead.
The yak gores you. You block the yak's attack.
You barely miss the yak.
The yak is almost dead.
The yak gores you! x2; The yak closely misses you. x2
You are too injured to fight recklessly!
You are too injured to fight recklessly!
You are too injured to fight recklessly!
You are too injured to fight recklessly!
You are too injured to fight recklessly!
You are too injured to fight recklessly!
You are too injured to fight recklessly!
You hit the yak. You bite the yak, but do no damage.
The yak is almost dead.
The yak gores you!
* * * LOW HITPOINT WARNING * * *
You block the yak's attack.
You completely miss the yak.
The yak is almost dead.
The yak gores you.
* * * LOW HITPOINT WARNING * * *
You block the yak's attack. The yak gores you!
* * * LOW HITPOINT WARNING * * *
The yak gores you!
You die...
Fedhas appreciates your contribution to the ecosystem.

.#.......'.......#.....+...#
.#.......#.......'....>#...#
##.......#.......#....######
########'#.......#....# ..#
.........#.......###### ...+
.........#.......#....#....#
.........#.......#....Y....#
.........#.......#....#..$.+
.........#......@#....# #+##
##.......#......YY....#
##########.......#....# .#
#.......#....# ∆ .#
#.......####+# .#
#............. .#
#............. .#
#............. .#
#.............


You could see 2 yaks.

Vanquished Creatures
  A necrophage (D:5)
  An ogre (D:5)
  2 phantoms (D:4)
  A crimson imp (D:4)
  2 hounds
  2 orc priests (D:4)
  An orc wizard (D:2)
  2 hound skeletons
  Robin (D:2)
  4 gnolls
  An adder (D:3)
  5 worms
  2 dart slugs (D:1)
  8 orcs
  8 endoplasms
  3 giant cockroaches
  15 goblins
  13 hobgoblins
  5 jackals
  6 kobolds
  7 quokkas
  5 ball pythons
  7 bats
  3 frilled lizards (D:1)
  2 rats
107 creatures vanquished.

Vanquished Creatures (others)
  2 plants (D:2)
2 creatures vanquished.

Grand Total: 109 creatures vanquished

Notes
Turn   | Place    | Note
-------+----------+-------------------------------------------
     0 | D:5      | Reached skill level 9 in Stealth
     0 | D:5      | flotson the Gnoll Delver began the quest for the Orb.
     0 | D:5      | Reached XP level 1. HP: 23/23 MP: 1/1
    37 | D:5      | Found a staircase to the Ecumenical Temple.
    46 | Temple   | Entered the Ecumenical Temple
   137 | Temple   | Became a worshipper of Fedhas Madash
   401 | D:5      | Reached XP level 2. HP: 16/29 MP: 2/2
   800 | D:4      | Noticed a phantom
   821 | D:4      | Noticed a phantom
  1331 | D:4      | Found a shimmering altar of Xom.
  1331 | D:4      | Found a burning altar of Makhleb.
  1331 | D:4      | Noticed a crimson imp
  1417 | D:3      | Found a broken altar of Ashenzari.
  1438 | D:3      | Reached XP level 3. HP: 35/35 MP: 2/4
  1500 | D:2      | Reached skill level 1 in Invocations
  1758 | D:1      | Reached * piety under Fedhas
  1759 | D:1      | Reached skill level 1 in Short Blades
  1759 | D:1      | Reached skill level 1 in Long Blades
  1759 | D:1      | Reached skill level 1 in Axes
  1759 | D:1      | Reached skill level 1 in Maces & Flails
  1759 | D:1      | Reached skill level 1 in Staves
  1759 | D:1      | Reached skill level 1 in Slings
  1759 | D:1      | Reached skill level 1 in Bows
  1759 | D:1      | Reached skill level 1 in Crossbows
  1759 | D:1      | Reached skill level 1 in Throwing
  1759 | D:1      | Reached skill level 1 in Armour
  1759 | D:1      | Reached skill level 1 in Shields
  1759 | D:1      | Reached skill level 1 in Unarmed Combat
  1759 | D:1      | Reached skill level 1 in Spellcasting
  1759 | D:1      | Reached skill level 1 in Evocations
  1842 | D:1      | Reached XP level 4. HP: 41/41 MP: 5/5
  2827 | D:2      | Reached ** piety under Fedhas
  2860 | D:2      | Reached skill level 1 in Conjurations
  2860 | D:2      | Reached skill level 1 in Hexes
  2860 | D:2      | Reached skill level 1 in Summonings
  2860 | D:2      | Reached skill level 1 in Necromancy
  2860 | D:2      | Reached skill level 1 in Translocations
  2860 | D:2      | Reached skill level 1 in Transmutations
  2860 | D:2      | Reached skill level 1 in Fire Magic
  2860 | D:2      | Reached skill level 1 in Ice Magic
  2860 | D:2      | Reached skill level 1 in Air Magic
  2860 | D:2      | Reached skill level 1 in Earth Magic
  2860 | D:2      | Reached skill level 1 in Poison Magic
  3147 | D:3      | Noticed Robin
  3337 | D:2      | Killed Robin
  3525 | D:3      | Reached XP level 5. HP: 42/45 MP: 6/6
  4037 | D:3      | Found a glowing golden altar of the Shining One.
  4297 | D:3      | Found an opulent altar of Gozag.
  4381 | D:3      | Found an ancient bone altar of Kikubaaqudgha.
  4381 | D:3      | Found an iron altar of Okawaru.
  4749 | D:4      | Reached *** piety under Fedhas
  4784 | D:4      | Found a stormy altar of Qazlal.
  4797 | D:4      | Killed a phantom
  4798 | D:4      | Reached skill level 5 in Polearms
  4798 | D:4      | Reached skill level 5 in Dodging
  4798 | D:4      | Reached XP level 6. HP: 44/53 MP: 8/8
  5176 | D:4      | Reached XP level 7. HP: 59/59 MP: 10/10
  5724 | D:5      | Noticed a yak
  5724 | D:5      | Noticed a yak
  5724 | D:5      | Noticed a yak
  5740 | D:5      | Slain by a yak

Illustrated notes

Levels and vault maps discovered:
D:1:      beargit_arrival_greenhouse, layout_loops_ring
D:2:      layout_basic, serial_curves, eino_curves_04, eino_curves_03,
          eino_curves_04, nrook_mini_vaults, serial_bayou_pond_c
D:3:      layout_loops_corners, ashenzari_conservatory_becter,
          lemuel_coloured_pillars_altar, gammafunk_temple_overflow_elements,
          nicolae_overflow_crystal_walls, uniq_robin
D:4:      layout_basic, grunt_temple_overflow_champion_of_chaos,
          lemuel_doored_altar, kennysheep_nub
D:5:      layout_gridville, minmay_temple_entry_large_hall
Temple:   nicolae_temple_hex_pool

Skill      XL: |  1  2  3  4  5  6  7 |
---------------+----------------------+-----
Stealth        | |  9.9
Invocations    | 1 2 |  2.9
Short Blades   | 1 2 |  2.6
Long Blades    | 1 2 |  2.6
Axes           | 1 2 |  2.6
Maces & Flails | 1 2 |  2.6
Staves         | 1 2 |  2.6
Slings         | 1 2 |  2.6
Bows           | 1 2 |  2.6
Crossbows      | 1 2 |  2.6
Throwing       | 1 2 |  2.6
Armour         | 1 2 |  2.6
Shields        | 1 2 |  2.6
Unarmed Combat | 1 2 |  2.6
Spellcasting   | 1 2 |  2.6
Evocations     | 1 2 |  2.6
Conjurations   | 1 2 |  2.1
Hexes          | 1 2 |  2.1
Summonings     | 1 2 |  2.1
Necromancy     | 1 2 |  2.1
Translocations | 1 2 |  2.1
Transmutations | 1 2 |  2.1
Fire Magic     | 1 2 |  2.1
Ice Magic      | 1 2 |  2.1
Air Magic      | 1 2 |  2.1
Earth Magic    | 1 2 |  2.1
Poison Magic   | 1 2 |  2.1
Polearms       | 5 |  5.3
Dodging        | 5 |  5.3
Fighting       | 7 |  7.1

Action                   |  1- 3 |  4- 6 |  7- 9 || total
-------------------------+-------+-------+-------++-------
Melee: Spear             |   144 |       |       ||   144
       Bite              |    17 |    20 |     7 ||    44
       Dagger            |    14 |    31 |       ||    45
       Whip              |       |   158 |    45 ||   203
 Fire: Hunting sling     |       |    52 |     5 ||    57
Throw: Dart              |       |       |     1 ||     1
Evoke: Wand              |     2 |       |       ||     2
  Use: Scroll            |     1 |       |       ||     1
       Potion            |     1 |       |       ||     1
 Stab: Sleeping          |     5 |    14 |     4 ||    23
Armor: Leather armour    |     2 |       |       ||     2
       Ring mail         |    11 |    48 |     8 ||    67
Dodge: Dodged            |    71 |   106 |    19 ||   196
Block: Tower shield      |       |   142 |    19 ||   161

Table legend: (Time is in decaauts)
 A = Elapsed time spent in this place.
 B = Non-inter-level travel time spent in this place.
 C = Inter-level travel time spent in this place.
 D = Time resting spent in this place.
 E = Time spent auto-exploring this place.
 F = Levels seen in this place.
 G = Mean time per level.
                   A        B        C        D        E       F      G
               +--------+--------+--------+--------+--------+-----+--------+
         Total |   5846 |   5679 |    167 |    769 |   3623 |   6 |  974.3 |
       Dungeon |   5731 |   5606 |    125 |    769 |   3552 |   5 | 1146.2 |
        Temple |    114 |     72 |     42 |      0 |     71 |   1 |  114.0 |
               +--------+--------+--------+--------+--------+-----+--------+

Top non-repeatable levels by time:
     D:2: 1456 daAuts
     D:4: 1399 daAuts
     D:3: 1247 daAuts
     D:5: 889 daAuts
     D:1: 737 daAuts
  Temple: 114 daAuts
